 Dungeon Crawl Stone Soup version 0.28.0-1-gb440e238dd (webtiles) character file.

Game seed: 18278568651195794834

109956 pkoi the Stormcaller (level 16, -1/105 HPs)
             Began as a Red Draconian Air Elementalist on Feb 24, 2022.
             Was an Initiate of Gozag.
             Succumbed to Aizul's poison arrow
             ... on level 1 of the Shoals on Feb 25, 2022.
             The game lasted 01:19:45 (50858 turns).

pkoi the Stormcaller (DrAE)                        Turns: 50858, Time: 01:19:46

Health: -1/105     AC: 21    Str: 12    XL:     16   Next: 6%
Magic:  25/32      EV: 11    Int: 33    God:    Gozag
Gold:   3216       SH:  0    Dex:  8    Spells: 6/39 levels left

rFire   + . .      SeeInvis .   q - +8 whip "Snakebite" {venom, curare, rPois}
rCold   . . .      Faith    .   (no shield)
rNeg    + + +      Spirit   .   (armour unavailable)
rPois   +          Reflect  .   b - +0 hat
rElec   +          Harm     .   t - +0 cloak of the Land of Plenty {rElec rPois rN+++ Dex-4}
rCorr   .          Rampage  .   M - +4 pair of gloves of the Tarantula {Int+5}
Will    +....                   B - +1 pair of boots
Stlth   +.........              I - amulet of regeneration
HPRegen 1.07/turn               a - +4 ring of protection
MPRegen 0.23/turn               L - +6 ring of intelligence

@: lethally poisoned (-1 -> -10), on berserk cooldown, slowed, very slow
A: breathe fire, AC +9, unfitting armour, fire resistance 1, cold-blooded
a: Breathe Fire, Renounce Religion, Potion Petition, Call Merchant, Bribe Branch


You were on level 1 of the Shoals.
You worshipped Gozag.
Gozag was most pleased with you.
You visited 5 branches of the dungeon, and saw 23 of its levels.
You also visited: Gauntlet.

You collected 5391 gold pieces.
You spent 1332 gold pieces at shops.
You paid 843 gold pieces to Gozag.

Inventory:

Hand Weapons
 i - the +6 Majin-Bo {vamp, MP+6 Int+6}
   (You bought it in a shop on level 2 of the Dungeon)

   It occasionally heals its wielder for a portion of the damage dealt when they
   wound a living foe with it or with a spell.
   Its wielder's spells cost health as well as magical power.
   Int:       It affects your intelligence (+6).
   MP:        It affects your magic capacity (+6).
 q - the +8 whip "Snakebite" (weapon) {venom, curare, rPois}
   (You found it on level 4 of the Lair of Beasts)

   It poisons the flesh of those it strikes.
   It occasionally inflicts asphyxiating poison on those it strikes, dealing
   poison damage and causing slowness.
   rPois:     It protects you from poison.
Missiles
 K - a throwing net
Armour
 b - a +0 hat (worn)
 t - the +0 cloak of the Land of Plenty (worn) {rElec rPois rN+++ Dex-4}
   (You acquired it on level 6 of the Lair of Beasts)

   Dex:       It affects your dexterity (-4).
   rElec:     It insulates you from electricity.
   rPois:     It protects you from poison.
   rN:        It renders you almost immune to negative energy.
 B - a +1 pair of boots (worn)
 M - the +4 pair of gloves of the Tarantula (worn) {Int+5}
   (You found it in a Gauntlet)

   Int:       It affects your intelligence (+5).
Jewellery
 a - a +4 ring of protection (left hand)
 e - a ring of fire
 D - a ring of willpower
 I - an amulet of regeneration (around neck)
 L - a +6 ring of intelligence (right hand)
Wands
 d - a wand of mindburst (13)
 m - a wand of acid (3)
 x - a wand of digging (5)
 y - a wand of flame (31)
 z - a wand of charming (3)
 E - a wand of paralysis (7)
 F - a wand of polymorph (12)
Scrolls
 c - 4 scrolls of fear
 g - 3 scrolls of enchant armour
 k - 5 scrolls of identify
 l - 12 scrolls of teleportation
 n - 2 scrolls of fog
 s - 2 scrolls of torment
 C - 2 scrolls of enchant weapon
 G - 2 scrolls of magic mapping
 J - 3 scrolls of brand weapon
Potions
 f - 9 potions of curing
 h - a potion of magic
 j - 4 potions of heal wounds
 o - 2 potions of berserk rage
 p - 4 potions of haste
 r - 2 potions of might
 u - a potion of resistance
 v - 2 potions of invisibility
 A - 2 potions of cancellation
 H - 3 potions of brilliance
Miscellaneous
 O - a phial of floods


   Skills:
 - Level 1.7 Dodging
 - Level 1.7 Stealth
 - Level 12.0 Spellcasting
 + Level 12.0 Conjurations
 - Level 6.0 Hexes
 + Level 8.4 Translocations
 + Level 3.5 Transmutations
 + Level 13.1 Fire Magic
 + Level 15.2 Air Magic
 + Level 4.9 Poison Magic


You had 6 spell levels left.
You knew the following spells:

 Your Spells              Type           Power      Damage    Failure   Level
a - Magic Dart            Conj           100%       1d8       0%          1
b - Swiftness             Air            88%        N/A       0%          3
c - Airstrike             Air            44%        N/A       1%          4
d - Inner Flame           Hex/Fire       70%        N/A       1%          3
e - Flame Wave            Conj/Fire      80%        2d14      1%          4
f - Blink                 Tloc           100%       N/A       1%          2
g - Passage of Golubria   Tloc           66%        N/A       1%          4
h - Freezing Cloud        Conj/Ice/Air   34%        6-21      1%          5
i - Ignite Poison         Fire/Tmut/Pois 61%        N/A       1%          3
j - Olgreb's Toxic Radia  Pois           51%        N/A       3%          4

Your spell library contained the following spells:

 Spells                   Type           Power      Damage    Failure   Level
 Foxfire                  Conj/Fire      100%       2x1d9     0%          1
 Shock                    Conj/Air       100%       1d9       0%          1
 Static Discharge         Conj/Air       83%        N/A       0%          2
 Sting                    Tmut/Pois      100%       1d8       1%          1
 Corpse Rot               Necr/Air       100%       N/A       1%          2
 Poisonous Vapours        Pois/Air       100%       N/A       1%          2
 Searing Ray              Conj           100%       2d8       1%          2
 Wereblood                Tmut           42%        N/A       1%          2
 Conjure Flame            Conj/Fire      80%        6-21      1%          3
 Mephitic Cloud           Conj/Pois/Air  74%        N/A       1%          3
 Stone Arrow              Conj/Erth      100%       3d13      1%          3
 Summon Guardian Golem    Hex/Summ       39%        N/A       1%          3
 Tukima's Dance           Hex            56%        N/A       1%          3
 Fulminant Prism          Conj/Hex       34%        3d16      1%          4
 Sticky Flame             Conj/Fire      80%        2d9       1%          4
 Iskenderun's Battlesphe  Conj           78%        2d13      1%          5
 Manifold Assault         Tloc           66%        N/A       1%          5
 Sublimation of Blood     Necr           19%        N/A       3%          2
 Yara's Violent Unravell  Hex/Tmut       25%        3d11      9%          5
 Alistair's Intoxication  Tmut/Pois      31%        N/A       12%         5
 Dispel Undead            Necr           19%        3d11      22%         4
 Iron Shot                Conj/Erth      28%        9d6       30%         6
 Borgnjor's Vile Clutch   Necr/Erth      9%         N/A       54%         5
 Eringya's Noxious Bog    Tmut/Pois      23%        N/A       54%         6
 Orb of Destruction       Conj           39%        9d11      14%         7
 Storm Form               Tmut/Air       34%        N/A       38%         7
 Spellforged Servitor     Conj/Summ      28%        N/A       86%         7
 Summon Hydra             Summ           9%         N/A       100%        7
 Lehudib's Crystal Spear  Conj/Erth      28%        10d7      100%        8
 Animate Armour           Summ/Erth      Unusable   N/A       N/A         4

Dungeon Overview and Level Annotations

Branches:
Dungeon (14/15)            Temple (1/1) D:5            Lair (6/6) D:10
 Shoals (1/4) Lair:4       Spider (1/4) Lair:4        Slime (0/5) Lair:5
    Orc (0/2) D:9          Vaults (0/5) D:13        Gauntlet (visited)

Altars:
Ashenzari
Cheibriados
Dithmenos
Elyvilon
Fedhas
Gozag
Hepliaklqana
Kikubaaqudgha
Makhleb
Nemelex Xobeh
Okawaru
Qazlal
Ru
Sif Muna
Trog
Uskayaw
Vehumet
Wu Jian
Xom
Yredelemnul
Zin
The Shining One
Ignis
Jiyva

Shops:
D:2 *=!([   D:3 *   D:5 !   D:9 *   D:11 *   D:13 *   Shoals:1 =

Portals:
Trove: D:10 (give +4 fire dragon scales)

Annotations:
Lair:6 3 runed translucent doors, BigDaddyOpFi's ghost, journeyman HOMo
Shoals:1 Aizul
Spider:1 Jorgrun


Innate Abilities, Weirdness & Mutations

You can breathe blasts of fire.
Your fiery red scales are hard. (AC +9)
You cannot fit into any form of body armour.
Your flesh is heat resistant. (rF+)
You are cold-blooded and may be slowed by cold attacks.


Message History

Aizul says, "I wasn't actually sleeping!"
Aizul coils herself and waves her upper body at you.
The bolt of poison hits you! You resist.
* * * LOW HITPOINT WARNING * * *
You hit Aizul.
Aizul is poisoned.
Your tail-slap misses Aizul.
You punch Aizul, but do no damage.
Aizul is lightly wounded.
Aizul coils herself and waves her upper body at you.
The bolt of poison hits you.
You are poisoned.
You resist.
* * * LOW HITPOINT WARNING * * *
You miss Aizul.
Aizul is lightly wounded.
You feel very sick. Aizul casts a spell at you. The bolt of poison hits you!
You resist.
* * * LOW HITPOINT WARNING * * *
Unknown command.
You hit Aizul.
Aizul looks as sick as possible!
Your tail-slap misses Aizul.
Aizul is lightly wounded.
You feel sick. Aizul hits you but does no damage.
Unknown command.
You miss Aizul.
Aizul is lightly wounded.
You feel sick. Aizul closely misses you.
Unknown command.
You feel sick.
You feel a strong urge to attack something.
You are no longer berserk.
You are exhausted.
You feel yourself slow down.
You feel sick.
You feel sick. Aizul casts a spell at you. The poison arrow hits you!!
You are more poisoned.
You partially resist.
* * * LOW HITPOINT WARNING * * *
You die...
Your body crumbles into a pile of gold.

≈≈≈≈≈≈≈≈≈#...#......≈≈≈≈≈
≈≈≈≈≈≈≈≈≈.#.#.......$≈≈≈≈
≈≈≈≈≈≈≈≈≈≈.∩.........≈≈≈≈
≈≈≈≈≈≈≈≈≈≈#.#.........≈≈≈
≈.....≈≈.#≈≈.#........≈≈≈
......................≈≈≈
................S.....≈≈≈
.......................≈≈
....?...........@.....≈≈.
.................<..≈≈≈≈.
................≈≈≈≈≈≈≈≈≈
....≈≈...≈.......≈≈≈≈≈≈≈≈
≈≈≈≈≈........##..........
≈≈≈≈≈........###...#####.
≈≈≈.≈......#.. ...## .#
..## ...


You could see Aizul (extremely poisoned).

Vanquished Creatures
  Agnes (Spider:1)
  Azrael (Spider:1)
  2 dire elephants (Spider:1)
  A minotaur (Gauntlet)
  An entropy weaver (Spider:1)
  Josephine (D:13)
  Fannar (Lair:2)
  5 vault guards (D:13)
  5 hydras
  3 boulder beetles
  2 merfolk avatars (Shoals:1)
  A centaur warrior (D:13)
  3 catoblepae
  A jorogumo (Spider:1)
  A death knight (D:13)
  Erica (D:11)
  A hell hog (Gauntlet)
  2 two-headed ogres
  Urug (D:10)
  A deep elf knight (Spider:1)
  A salamander mystic (D:12)
  Sonja (Lair:4)
  A sixfirhy (Gauntlet)
  A fire crab (Lair:6)
  2 pharaoh ants (Spider:1)
  5 skeletal warriors (D:13)
  A lindwurm (Lair:4)
  A deep elf archer (Spider:1)
  2 orb spiders (Spider:1)
  2 ugly things (D:12)
  A deep elf pyromancer (D:13)
  3 wolf spiders
  3 salamanders (D:12)
  2 cyclopes
  A manticore (D:12)
  4 elephants
  A torpor snail (Lair:6)
  A water nymph (Shoals:1)
  An eye of devastation (Lair:5)
  5 black mambas
  3 gargoyles
  A demonic crawler (Spider:1)
  8 cane toads
  2 kobold demonologists (D:12)
  An efreet (D:11)
  2 freezing wraiths
  7 komodo dragons
  A yaktaur (shapeshifter) (D:13)
  A queen bee (Gauntlet)
  5 trolls
  3 tarantellas
  9 blink frogs
  4 polar bears
  A raiju (Spider:1)
  12 dream sheep (Lair:6)
  A snapping turtle (Shoals:1)
  7 jumping spiders
  A centaur simulacrum (D:12)
  7 culicivoras
  7 humans
  2 shadows
  9 wraiths
  4 basilisks
  2 fire elementals (Spider:1)
  70 yaks
  A basilisk (shapeshifter) (D:13)
  3 fire bats (Gauntlet)
  7 wyverns
  13 redbacks
  2 vampire mosquitoes (D:13)
  A warg (D:8)
  Menkaure (D:7)
  2 hell hounds
  10 water moccasins
  An acid dragon (D:11)
  Duvessa (D:6)
  5 sky beasts
  A floating eye (Lair:5)
  7 orc warriors
  A black bear (D:10)
  A necrophage (D:7)
  4 ice beasts
  2 ogres
  4 wolves (Lair:5)
  5 centaurs
  A phantom (D:7)
  2 kobold brigands (D:9)
  A wyvern zombie (D:6)
  Blork the orc (D:4)
  3 gnoll sergeants
  9 bullfrogs
  A water moccasin zombie (D:5)
  2 scorpions (D:6)
  A wyvern skeleton (D:6)
  Dowan (D:6)
  3 killer bees (Gauntlet)
  A water moccasin skeleton (D:6)
  9 wights (D:8)
  An electric eel (Lair:6)
  A howler monkey (D:12)
  3 bullfrog zombies
  Crazy Yiuf (D:4)
  4 lava snakes (Lair:4)
  5 centaur zombies
  A hound (D:4)
  9 orc priests
  4 jellies (D:8)
  A bullfrog skeleton (D:6)
  A centaur skeleton (D:6)
  3 iguanas
  8 orc wizards
  2 hound skeletons
  14 gnolls
  A howler monkey skeleton (D:7)
  12 adders
  4 shadow imps
  3 ufetubi (Gauntlet)
  4 adder skeletons (D:4)
  A worm (D:3)
  2 dart slugs
  32 orcs
  6 bats
  7 endoplasms
  2 hobgoblins (D:2)
  4 jackals (D:4)
  19 kobolds
  6 quokkas
  3 ball pythons
  A frilled lizard (D:1)
  10 goblins
  A quokka skeleton (D:4)
  4 rats
531 creatures vanquished.

Vanquished Creatures (collateral kills)
  3 slime creatures (D:12)
3 creatures vanquished.

Vanquished Creatures (others)
  A human (D:13)
  33 fungi
  105 plants
139 creatures vanquished.

Grand Total: 673 creatures vanquished

Notes
Turn   | Place    | Note
-------+----------+-------------------------------------------
     0 | D:1      | pkoi the Draconian Air Elementalist began the quest for the
                  | Orb.
     0 | D:1      | Reached XP level 1. HP: 14/14 MP: 3/3
   311 | D:1      | Reached XP level 2. HP: 20/20 MP: 1/5
   475 | D:1      | Found a faded altar of an unknown god.
  1168 | D:2      | Reached skill level 4 in Air Magic
  1191 | D:2      | Found Tusathuq's General Store.
  1200 | D:2      | Found Plog's Jewellery Emporium.
  1208 | D:2      | Found Qeibbucai's Distillery.
  1213 | D:2      | Bought a potion of degeneration for 12 gold pieces
  1213 | D:2      | Bought a potion of heal wounds for 60 gold pieces
  1264 | D:2      | Found Uhofil's Antique Armour Boutique.
  1286 | D:2      | Reached XP level 3. HP: 26/26 MP: 0/6
  1580 | D:2      | Found Zeam's Weapon Shoppe.
  1879 | D:2      | Identified the -5 helmet of Incorporation {Regen+ Str+4
                  | Dex-4 Stlth+}
  2144 | D:3      | Reached XP level 4. HP: 29/33 MP: 1/7
  2226 | D:3      | Reached skill level 5 in Air Magic
  2583 | D:2      | Learned a level 3 spell: Swiftness
  2850 | D:3      | Found Vyofir's Assorted Antiques.
  2853 | D:3      | Found an iron altar of Okawaru.
  3182 | D:3      | Reached XP level 5. HP: 38/38 MP: 0/8
  3554 | D:4      | Noticed Blork the orc
  3608 | D:4      | Killed Blork the orc
  3609 | D:4      | Reached skill level 6 in Air Magic
  4072 | D:4      | Found a shadowy altar of Dithmenos.
  4153 | D:4      | Reached XP level 6. HP: 45/45 MP: 4/10
  4556 | D:4      | Found a runed translucent door.
  4557 | D:4      | Noticed Crazy Yiuf
  5063 | D:4      | Found a hide-covered altar of Uskayaw.
  5205 | D:4      | Killed Crazy Yiuf
  5438 | D:5      | Entered Level 5 of the Dungeon
  5446 | D:5      | Reached skill level 7 in Air Magic
  5547 | D:5      | Noticed an ice beast
  5557 | D:5      | Killed an ice beast
  5566 | D:5      | Your scales start taking on a fiery red colour.
  5566 | D:5      | Reached XP level 7. HP: 48/50 MP: 1/11
  5566 | D:5      | Gained mutation: Your flesh is heat resistant. (rF+) [Red
                  | Draconian growth]
  5652 | D:5      | Learned a level 4 spell: Airstrike
  5654 | D:5      | Found Itusotigg's Distillery.
  5663 | D:5      | Reached skill level 8 in Air Magic
  5761 | D:5      | Bought a potion of mutation for 112 gold pieces
  5797 | D:5      | Found a white marble altar of Elyvilon.
  6177 | D:5      | Found a staircase to the Ecumenical Temple.
  6199 | Temple   | Entered the Ecumenical Temple
  6739 | D:5      | Found an opulent altar of Gozag.
  6742 | D:5      | Became a worshipper of Gozag Ym Sagoz the Greedy
  6754 | D:6      | Reached skill level 9 in Air Magic
  6883 | D:6      | Reached XP level 8. HP: 54/57 MP: 4/12
  7076 | D:6      | Noticed Duvessa
  7076 | D:6      | Noticed Dowan
  7294 | D:6      | Killed Duvessa
  7295 | D:6      | Reached skill level 10 in Air Magic
  8377 | D:6      | Reached skill level 11 in Air Magic
  8568 | D:6      | Killed Dowan
  9685 | D:7      | Reached XP level 9. HP: 62/62 MP: 4/13
  9759 | D:7      | Noticed Menkaure
  9763 | D:7      | Killed Menkaure
  9764 | D:7      | Reached skill level 12 in Air Magic
 10260 | D:7      | Found a shimmering blue altar of Sif Muna.
 10994 | D:7      | Found a shimmering altar of Xom.
 10994 | D:7      | Found a shimmering altar of Xom.
 11006 | D:7      | Found a shimmering altar of Xom.
 11010 | D:7      | Found a shimmering altar of Xom.
 11648 | D:7      | Found a glowing silver altar of Zin.
 11891 | D:8      | Identified a scroll of acquirement
 11891 | D:8      | Acquired a book of Flames
 13095 | D:8      | Reached skill level 13 in Air Magic
 13282 | D:8      | Learned a level 3 spell: Inner Flame
 13661 | D:8      | Found an ancient bone altar of Kikubaaqudgha.
 13759 | D:8      | Found a viscous altar of Jiyva.
 13860 | D:9      | Reached skill level 1 in Fire Magic
 13958 | D:9      | Reached skill level 1 in Hexes
 14874 | D:9      | Reached XP level 10. HP: 69/69 MP: 10/15
 15274 | D:9      | Noticed a two-headed ogre
 15284 | D:8      | Learned a level 4 spell: Flame Wave
 15299 | D:9      | Found Vatrus's General Store.
 15487 | D:9      | Found a staircase to the Orcish Mines.
 16102 | D:9      | Killed a two-headed ogre
 16103 | D:9      | Reached skill level 5 in Conjurations
 17116 | D:10     | Entered Level 10 of the Dungeon
 17234 | D:10     | Noticed Urug
 18365 | D:9      | Reached skill level 5 in Fire Magic
 18723 | D:9      | Reached skill level 5 in Spellcasting
 19616 | D:10     | Found a bloodstained altar of Trog.
 19725 | D:10     | Reached XP level 11. HP: 63/74 MP: 0/19
 19734 | D:10     | Found a portal to a secret trove of treasure.
 20749 | D:10     | Killed Urug
 20878 | D:10     | Found a staircase to the Lair.
 21125 | D:11     | Noticed Erica
 21130 | D:11     | Killed Erica
 21467 | D:11     | Reached skill level 14 in Air Magic
 22076 | D:11     | Identified the +10 flail of Caul {vorpal, Str+2 Dex+6}
 22441 | D:11     | Identified the +4 scale mail of Past Mistakes {rF+ rC+
                  | Int+3}
 22478 | D:11     | Noticed a two-headed ogre
 22502 | D:11     | Killed a two-headed ogre
 23476 | D:12     | Found Ydaum's Antique Weapon Shop.
 23975 | D:12     | Noticed a green ugly thing
 24000 | D:12     | Killed a green ugly thing
 24139 | D:12     | Noticed a brown ugly thing
 24139 | D:12     | Noticed a seven-headed hydra
 24156 | D:12     | Killed a brown ugly thing
 24157 | D:12     | Reached XP level 12. HP: 66/81 MP: 1/22
 24512 | D:12     | Killed a seven-headed hydra
 25083 | D:2      | Bought the +6 Majin-Bo {vamp, MP+6 Int+6} for 1038 gold
                  | pieces
 25083 | D:2      | Found the +6 Majin-Bo {vamp, MP+6 Int+6}
 25285 | Lair:1   | Entered Level 1 of the Lair of Beasts
 26507 | Lair:2   | Noticed Fannar
 26514 | Lair:2   | Killed Fannar
 26515 | Lair:2   | Reached skill level 15 in Air Magic
 26804 | Lair:2   | Learned a level 1 spell: Magic Dart
 26807 | Lair:2   | Learned a level 2 spell: Blink
 26812 | Lair:2   | Learned a level 4 spell: Passage of Golubria
 27062 | Lair:2   | Noticed a four-headed hydra
 27067 | Lair:2   | Killed a four-headed hydra
 27068 | Lair:2   | Reached skill level 1 in Translocations
 27852 | Lair:3   | Reached skill level 5 in Hexes
 28329 | Lair:3   | You fall into a shaft and drop 1 floor!
 28329 | Lair:4   | Found a gate leading to a gauntlet.
 28337 | Gauntlet | Entered a Gauntlet
 28337 | Gauntlet | Found a transporter.
 28344 | Gauntlet | Found a transporter.
 28346 | Gauntlet | Found a transporter.
 28357 | Gauntlet | Found a transporter.
 28360 | Gauntlet | Found a transporter.
 28370 | Gauntlet | Found a transporter.
 28370 | Gauntlet | Noticed a blizzard demon
 28386 | Gauntlet | Found a transporter.
 28387 | Gauntlet | Noticed a cacodemon
 28396 | Gauntlet | Noticed a balrug
 28397 | Gauntlet | Found a transporter.
 28407 | Gauntlet | Found a transporter.
 28407 | Gauntlet | Noticed a hell hog
 28422 | Gauntlet | Found a transporter.
 28437 | Gauntlet | Found a transporter.
 28449 | Gauntlet | Found a transporter.
 28486 | Gauntlet | Found a transporter.
 28486 | Gauntlet | Found a transporter.
 28889 | Gauntlet | Learned a level 5 spell: Freezing Cloud
 28897 | Gauntlet | Killed a hell hog
 29213 | Gauntlet | Identified the +4 pair of gloves of the Tarantula {Int+5}
 29259 | Gauntlet | Noticed a minotaur
 29277 | Gauntlet | Killed a minotaur
 29694 | Lair:4   | Noticed Sonja
 29696 | Lair:4   | Killed Sonja
 29886 | Lair:3   | Noticed a catoblepas
 29892 | Lair:3   | Killed a catoblepas
 29893 | Lair:3   | Reached XP level 13. HP: 78/86 MP: 10/25
 30728 | Lair:3   | Reached skill level 10 in Fire Magic
 31428 | D:11     | Bought a small citrine amulet for 110 gold pieces
 31713 | Lair:4   | Found a runed translucent door.
 31990 | Lair:4   | Found a hole to the Spider Nest.
 32325 | Lair:4   | Found a staircase to the Shoals.
 32561 | Lair:4   | Found the +8 whip "Snakebite" {venom, curare, rPois}
 32962 | Lair:4   | Found a runed translucent gate.
 32962 | Lair:4   | Found a runed translucent gate.
 32962 | Lair:4   | Found a runed translucent gate.
 32962 | Lair:4   | Found a runed translucent gate.
 32962 | Lair:4   | Found a runed translucent gate.
 32962 | Lair:4   | Found a runed translucent gate.
 33200 | Lair:5   | Paralysed by a floating eye for 2 turns
 33324 | Lair:5   | Found a staircase to the Slime Pits.
 33824 | Lair:5   | Found an ancient bone altar of Kikubaaqudgha.
 34082 | Lair:6   | Entered Level 6 of the Lair of Beasts
 34126 | Lair:6   | Reached skill level 10 in Conjurations
 34130 | Lair:6   | Reached skill level 5 in Translocations
 34409 | Lair:6   | Acquired the +0 cloak of the Land of Plenty {rElec rPois
                  | rN+++ Dex-4}
 36657 | Lair:6   | Reached XP level 14. HP: 93/93 MP: 7/27
 36912 | Lair:6   | Found a runed translucent gate.
 36913 | Lair:6   | Found a runed translucent gate.
 36913 | Lair:6   | Found a runed translucent gate.
 36913 | Lair:6   | Noticed BigDaddyOpFi's ghost (journeyman HOMo)
 36917 | Lair:6   | Found the +9 staff of Olgreb {rPois∞}
 41026 | D:12     | Found the +3 salamander hide armour {Flames rF++ rC--}
 43307 | Lair:4   | Identified the ring "Qouqy" {Dex+4 Slay+4}
 43598 | Spider:1 | Entered Level 1 of the Spider Nest
 43992 | D:13     | Reached skill level 10 in Spellcasting
 43992 | D:13     | Reached XP level 15. HP: 99/99 MP: 27/29
 44169 | D:13     | Learned a level 3 spell: Ignite Poison
 44174 | D:13     | Learned a level 4 spell: Olgreb's Toxic Radiance
 44490 | D:13     | Found an ancient bone altar of Kikubaaqudgha.
 44519 | D:13     | Reached skill level 1 in Transmutations
 44521 | D:13     | Reached skill level 1 in Poison Magic
 45391 | D:13     | Identified the +8 broad axe of Defilement {drain, Drain
                  | rCorr Int+5}
 45466 | D:13     | Found a gate to the Vaults.
 45521 | D:13     | Found Keosapat's Mass Market.
 45732 | D:13     | Noticed Josephine
 45738 | D:13     | Killed Josephine
 47766 | Spider:1 | Noticed Agnes
 48616 | Spider:1 | Killed Agnes
 50032 | Spider:1 | Noticed Azrael
 50043 | Spider:1 | Reached XP level 16. HP: 50/105 MP: 4/32
 50043 | Spider:1 | Killed Azrael
 50077 | Spider:1 | Noticed Jorgrun
 50344 | Shoals:1 | Entered Level 1 of the Shoals
 50344 | Shoals:1 | Found Oroug's Jewellery Emporium.
 50835 | Shoals:1 | Noticed Aizul
 50857 | Shoals:1 | HP: 4/105 [Aizul/poison arrow (23)]
 50858 | Shoals:1 | Succumbed to Aizul's poison arrow

Illustrated notes

Levels and vault maps discovered:
D:1:      minmay_arrival_loop, layout_loops_ring,
          hellmonk_ecumenical_altar_pennies_from_heaven, serial_park_tiny_1,
          serial_bayou_lagoon_b
D:2:      layout_loops_ring, serial_shops, nicolae_shop_stone,
          nicolae_shop_stone, shop, shop, shop
D:3:      layout_basic, okawaru_ov_weapons_minmay, serial_shops, shop
D:4:      layout_basic, mainiacjoe_overflow_alcove_4,
          nicolae_dithmenos_through_a_glass_darkly, uniq_crazy_yiuf_cottage,
          uniq_blork_the_orc
D:5:      layout_rooms, kennysheep_mini_moat, elyvilon_altar_3,
          minmay_temple_entry_wispy, serial_shops, nicolae_shop_statue_plus
D:6:      layout_cave_pools, uniq_duvessa
D:7:      layout_basic, xom_redecorated, nicolae_overflow_crystal_walls,
          marbit_many_paths, uniq_menkaure
D:8:      layout_rooms, lemuel_round_altar, jiyva_altar_1
D:9:      layout_loops_ring, erik_orc_4, serial_shops,
          nicolae_shop_hallway_stairs
D:10:     layout_cave_pools, old_standard_altar, grunt_lair_entry_orc_guard_hut,
          enter_trove_1, grunt_ministairs_9, uniq_urug
D:11:     layout_roguey, uniq_erica
D:12:     layout_cave_pools, serial_shops, shop_statue,
          hellmonk_guarded_unrand_salamander
D:13:     minmay_open_boxes_in_corner, layout_loops_corners,
          ximxim_vaults_locker_room, minmay_shop_mass, corexii_corridor_pit,
          nicolae_kikubaaqudgha_miasma_corner, uniq_josephine
D:14:     layout_gridville, minmay_parallelograms, roderic_serpentine_path,
          roderic_three_in_a_row, zin_statuary
Temple:   pdpol_scorched_temple
Lair:1:   layout_loops_ring, cheibrodos_lair_caveside_slide, st_stairs_10
Lair:2:   layout_hall_layers, grunt_megastairs_2, uniq_fannar
Lair:3:   layout_regular_city, hibernation_bobbens
Lair:4:   gammafunk_indiana_jones, layout_gridlike, elwin_shoals_entry_rocks,
          nicolae_spider_entry_tight_spaces, gauntlet_entry_generic, uniq_sonja
Lair:5:   layout_regular_city, minmay_slime_entry_eyes, basic_altar
Lair:6:   grunt_lair_end_beastmaster, layout_cave_pods,
          ebering_ghost_rock_garden, serial_bayou_shore_a
Shoals:1: layout_shoals, serial_shops, nicolae_shop_advertising_works
          [nicolae_subvault_shop_adworks], uniq_aizul, uniq_louise
Spider:1: layout_spider_delve, beargit_elvish_explorers, uniq_azrael,
          uniq_jorgrun, uniq_kirke, uniq_agnes

Skill      XL: |  1  2  3  4  5  6  7  8  9 10 11 12 13 14 15 16 |
---------------+-------------------------------------------------+-----
Air Magic      | 4 5 6 7 9 11 13 14 15 | 15.2
Spellcasting   | 3 5 6 8 9 10 12 | 12.0
Conjurations   | 4 6 8 9 11 12 | 12.0
Fire Magic     | 2 5 8 9 11 12 13 | 13.1
Hexes          | 1 3 5 6 |  6.0
Translocations | 3 6 7 8 |  8.4
Transmutations | 3 |  3.5
Poison Magic   | 4 |  4.9
Dodging        | |  1.7
Stealth        | |  1.7

Action                   |  1- 3 |  4- 6 |  7- 9 | 10-12 | 13-15 | 16-18 || total
-------------------------+-------+-------+-------+-------+-------+-------++-------
Melee: Staff             |     9 |    18 |    67 |    64 |       |       ||   158
       Tailslap          |       |       |    16 |    21 |    32 |       ||    69
       Punch             |       |       |       |     2 |     3 |     1 ||     6
       Flail             |       |       |       |    27 |       |       ||    27
       Quarterstaff      |       |       |       |    19 |    17 |       ||    36
       Whip              |       |       |       |       |   194 |    10 ||   204
 Cast: Shock             |    64 |   150 |    35 |       |       |       ||   249
       Airstrike         |       |       |   117 |   207 |   239 |    19 ||   582
       Inner Flame       |       |       |       |    21 |    20 |       ||    41
       Freezing Cloud    |       |       |       |     3 |    25 |       ||    28
       Flame Wave        |       |       |       |     2 |    16 |       ||    18
       Blink             |       |       |       |       |     1 |       ||     1
       Ignite Poison     |       |       |       |       |    23 |       ||    23
       Olgreb's Toxic Ra |       |       |       |       |    16 |       ||    16
Invok: Call Merchant     |       |       |       |     1 |       |       ||     1
       Potion Petition   |       |       |       |       |       |     1 ||     1
 Abil: Breathe Fire      |       |       |    10 |    27 |    17 |     2 ||    56
Evoke: Wand              |       |       |       |     3 |       |       ||     3
  Use: Scroll            |       |       |    13 |    10 |     2 |       ||    25
       Potion            |       |       |     3 |       |     1 |       ||     4
Armor: Skin              |     5 |    17 |    49 |    68 |   172 |     4 ||   315
Dodge: Dodged            |     9 |    26 |    90 |   178 |   147 |     6 ||   456
